| TOP OF THE 1ST |
|
Victoria Capitals batting - Pitching for Amarillo ThunderHeads : RHP Chris Marrone
|
|
Pitching: RHP Chris Marrone
|
|
|
Batting: RHB Mike Reynolds
|
0-0: Ball 1-0: Called Strike 1-1: Ball 2-1: Swinging Strike 2-2: Strikes out swinging
|
|
Batting: RHB Nick Ellis
|
0-0: Ball 1-0: Ball 2-0: Foul Ball, location: 2F 2-1: Called Strike 2-2: Ball 3-2: Foul Ball, location: 2F 3-2: SOLO HOME RUN (Flyball, 9D, EV 96.2 MPH), Distance : 357 ft
|
|
Batting: LHB Rick Harrison
|
0-0: Called Strike 0-1: Swinging Strike 0-2: Ball 1-2: Strikes out swinging
|
|
Batting: RHB Hyeon-cheong Lee
|
0-0: Called Strike 0-1: Called Strike 0-2: Strikes out swinging
|
| Top of the 1st over - 1 run, 1 hit, 0 errors, 0 left on base; Victoria 1 - Amarillo 0 |
| BOTTOM OF THE 1ST |
|
Amarillo ThunderHeads batting - Pitching for Victoria Capitals : LHP Jakob Lauritzen
|
|
Pitching: LHP Jakob Lauritzen
|
|
|
Batting: LHB Carlos Guajardo
|
0-0: Ball 1-0: Reached via error on a dropped throw from 2B, E3 (Groundball, 4, EV 87.5 MPH)
|
|
Batting: LHB Tony Cisneros
|
0-0: Ball 1-0: Ball 2-0: Called Strike 2-1: Foul Ball, location: 2F 2-2: Foul Ball, location: 2F 2-2: Foul Ball, location: 2F 2-2: Fly out, F9 (Line Drive, 89M, EV 88.8 MPH)
|
|
Batting: RHB Shi-fu Cuan
|
0-0: Ball 1-0: Fly out, F9 (Flyball, 89S, EV 90.0 MPH)
|
|
Batting: LHB Thie Hofmann
|
0-0: Ball 1-0: Foul Ball, location: 2F 1-1: Swinging Strike 1-2: Ball 2-2: Ball 3-2: Ground out 6-3 (Groundball, 4, EV 83.8 MPH)
|
| Bottom of the 1st over - 0 runs, 0 hits, 1 error, 1 left on base; Victoria 1 - Amarillo 0 |
| TOP OF THE 2ND |
|
Victoria Capitals batting - Pitching for Amarillo ThunderHeads : RHP Chris Marrone
|
|
Batting: LHB Willard Balcome
|
0-0: Ball 1-0: Ball 2-0: Ground out 6-3 (Groundball, 6, EV 80.6 MPH)
|
|
Batting: RHB Josh Rentz
|
0-0: Swinging Strike 0-1: Ball 1-1: Ball 2-1: Foul Ball, location: 2F 2-2: Fly out, F7 (Line Drive, 7S, EV 98.1 MPH)
|
|
Batting: LHB Mike Jones
|
0-0: Called Strike 0-1: SOLO HOME RUN (Flyball, 89XD, EV 101.9 MPH), Distance : 381 ft
|
|
Batting: RHB Ray Wathey
|
0-0: Ball 1-0: Ground out 6-3 (Groundball, 6, EV 83.1 MPH)
|
| Top of the 2nd over - 1 run, 1 hit, 0 errors, 0 left on base; Victoria 2 - Amarillo 0 |
| BOTTOM OF THE 2ND |
|
Amarillo ThunderHeads batting - Pitching for Victoria Capitals : LHP Jakob Lauritzen
|
|
Batting: LHB Mike Gruszewski
|
0-0: Ground out 4-3 (Groundball, 4S, EV 78.8 MPH)
|
|
Batting: RHB Jorge Balderama
|
0-0: Ball 1-0: Ball 2-0: Called Strike 2-1: Ball 3-1: Foul Ball, location: 2F 3-2: Fly out, F8 (Flyball, 8RM, EV 89.4 MPH)
|
|
Batting: LHB Bill Mahoney
|
0-0: Called Strike 0-1: Foul Ball, location: 2F 0-2: Ground out 4-3 (Groundball, 4, EV 85.0 MPH)
|
| Bottom of the 2nd over - 0 runs, 0 hits, 0 errors, 0 left on base; Victoria 2 - Amarillo 0 |
| TOP OF THE 3RD |
|
Victoria Capitals batting - Pitching for Amarillo ThunderHeads : RHP Chris Marrone
|
|
Batting: RHB Ron Mack
|
0-0: Called Strike 0-1: Ball 1-1: Ball 2-1: Foul Ball, location: 2F 2-2: Ball 3-2: Strikes out swinging
|
|
Batting: RHB Mike Reynolds
|
0-0: Foul Ball, location: 2F 0-1: Called Strike 0-2: Ball 1-2: Ball 2-2: Strikes out looking
|
|
Batting: RHB Nick Ellis
|
0-0: Called Strike 0-1: Foul Ball, location: 2F 0-2: Strikes out swinging
|
| Top of the 3rd over - 0 runs, 0 hits, 0 errors, 0 left on base; Victoria 2 - Amarillo 0 |
| BOTTOM OF THE 3RD |
|
Amarillo ThunderHeads batting - Pitching for Victoria Capitals : LHP Jakob Lauritzen
|
|
Batting: RHB Eddie Vanderjagt
|
0-0: Called Strike 0-1: Ball 1-1: Ground out U3 (Groundball, 3, EV 101.9 MPH)
|
|
Batting: RHB Dennis Underwood
|
0-0: Foul Ball, location: 2F 0-1: Ball 1-1: Foul Ball, location: 2F 1-2: Strikes out looking
|
|
Batting: LHB Carlos Guajardo
|
0-0: Called Strike 0-1: Foul Ball, location: 2F 0-2: Fly out, F7 (Flyball, 78M, EV 85.6 MPH)
|
| Bottom of the 3rd over - 0 runs, 0 hits, 0 errors, 0 left on base; Victoria 2 - Amarillo 0 |
| TOP OF THE 4TH |
|
Victoria Capitals batting - Pitching for Amarillo ThunderHeads : RHP Chris Marrone
|
|
Batting: LHB Rick Harrison
|
0-0: Ball 1-0: Called Strike 1-1: Swinging Strike 1-2: Strikes out swinging
|
|
Batting: RHB Hyeon-cheong Lee
|
0-0: Ball 1-0: SINGLE (Groundball, 25, EV 63.1 MPH) (infield hit)
|
|
Batting: LHB Willard Balcome
|
0-0: Ball 1-0: Ball 2-0: SINGLE (Groundball, 6M, EV 98.8 MPH) (infield hit) Hyeon-cheong Lee to second
|
|
Batting: RHB Josh Rentz
|
0-0: Ball 1-0: Ball 2-0: Called Strike 2-1: Foul Ball, location: 2F 2-2: Ball 3-2: Foul Ball, location: 2F 3-2: SINGLE (Flyball, 89S, EV 95.6 MPH) Hyeon-cheong Lee to third Willard Balcome to second
|
|
Batting: LHB Mike Jones
|
0-0: Called Strike 0-1: Grounds into double play, 5-4-3 (Groundball, 5, EV 83.1 MPH)
|
| Top of the 4th over - 0 runs, 3 hits, 0 errors, 2 left on base; Victoria 2 - Amarillo 0 |
| BOTTOM OF THE 4TH |
|
Amarillo ThunderHeads batting - Pitching for Victoria Capitals : LHP Jakob Lauritzen
|
|
Batting: LHB Tony Cisneros
|
0-0: Ball 1-0: Ball 2-0: Foul Ball, location: 2F 2-1: Ball 3-1: Foul Ball, location: 2F 3-2: Base on Balls
|
|
Batting: RHB Shi-fu Cuan
|
0-0: Ball 1-0: Ball 2-0: DOUBLE (Line Drive, 7LM, EV 106.2 MPH) Tony Cisneros to third
|
|
Batting: LHB Thie Hofmann
|
0-0: Foul Ball, location: 2F 0-1: Called Strike 0-2: Ball 1-2: Foul Ball, location: 2F 1-2: Fly out, F2 (Popup, 2LF, EV 91.9 MPH)
|
|
Batting: LHB Mike Gruszewski
|
0-0: Swinging Strike 0-1: Ball 1-1: Foul Ball, location: 2F 1-2: Ball 2-2: Ball 3-2: Foul Ball, location: 2F 3-2: Foul Ball, location: 2F 3-2: SINGLE (Groundball, 13S, EV 70.0 MPH) (infield hit)
|
|
Batting: RHB Jorge Balderama
|
0-0: Ball 1-0: Foul Ball, location: 2F 1-1: Foul Ball, location: 2F 1-2: Foul Ball, location: 2F 1-2: Ball 2-2: Ball 3-2: Strikes out looking
|
|
Batting: LHB Bill Mahoney
|
0-0: Ball 1-0: Foul Ball, location: 2F 1-1: Called Strike 1-2: Ball 2-2: Foul Ball, location: 2F 2-2: Fly out, F8 (Flyball, 89M, EV 88.8 MPH)
|
| Bottom of the 4th over - 0 runs, 2 hits, 0 errors, 3 left on base; Victoria 2 - Amarillo 0 |
| TOP OF THE 5TH |
|
Victoria Capitals batting - Pitching for Amarillo ThunderHeads : RHP Chris Marrone
|
|
Batting: RHB Ray Wathey
|
0-0: SINGLE (Line Drive, 7S, EV 99.4 MPH)
|
|
Batting: RHB Ron Mack
|
0-0: Ball 1-0: Foul Ball, location: 2F 1-1: Ball 2-1: Fly out, F4 (Flyball, 34D, EV 96.2 MPH)
|
|
Batting: RHB Mike Reynolds
|
0-0: Called Strike 0-1: Ball 1-1: Fly out, F7 (Line Drive, 7, EV 96.9 MPH)
|
|
Batting: RHB Nick Ellis
|
0-0: Called Strike 0-1: Ground out 1-3 (Groundball, 13S, EV 68.8 MPH)
|
| Top of the 5th over - 0 runs, 1 hit, 0 errors, 1 left on base; Victoria 2 - Amarillo 0 |
| BOTTOM OF THE 5TH |
|
Amarillo ThunderHeads batting - Pitching for Victoria Capitals : LHP Jakob Lauritzen
|
|
Batting: RHB Eddie Vanderjagt
|
0-0: Called Strike 0-1: Called Strike 0-2: Strikes out looking
|
|
Pitching: RHP Ruben Mendoza
|
|
|
Batting: RHB Dennis Underwood
|
0-0: Ball 1-0: Foul Ball, location: 2F 1-1: Foul Ball, location: 2F 1-2: Fly out, F8 (Flyball, 78D, EV 91.2 MPH)
|
|
Batting: LHB Carlos Guajardo
|
0-0: Foul Ball, location: 2F 0-1: Called Strike 0-2: Ball 1-2: Ball 2-2: Foul Ball, location: 2F 2-2: Ball 3-2: SINGLE (Groundball, 6D, EV 100.0 MPH)
|
|
Batting: LHB Tony Cisneros
|
0-0: Foul Ball, location: 2F 0-1: Ball 1-1: Foul Ball, location: 2F 1-2: Strikes out swinging
|
| Bottom of the 5th over - 0 runs, 1 hit, 0 errors, 1 left on base; Victoria 2 - Amarillo 0 |
| TOP OF THE 6TH |
|
Victoria Capitals batting - Pitching for Amarillo ThunderHeads : RHP Chris Marrone
|
|
Batting: LHB Rick Harrison
|
0-0: Ball 1-0: Swinging Strike 1-1: Called Strike 1-2: Strikes out swinging
|
|
Batting: RHB Hyeon-cheong Lee
|
0-0: SINGLE (Line Drive, 7S, EV 97.5 MPH)
|
|
Batting: LHB Willard Balcome
|
0-0: Called Strike 0-1: Called Strike 0-2: Ball 1-2: Foul Ball, location: 2F 1-2: Foul Ball, location: 2F 1-2: Fly out, F9 (Flyball, 9D, EV 101.9 MPH)
|
|
Pitching: RHP John Gerdes
|
|
|
Batting: RHB Josh Rentz
|
0-0: Hit by Pitch Hyeon-cheong Lee to second
|
|
Batting: LHB Mike Jones
|
0-0: Ball 1-0: Ball 2-0: Ground out 4-3 (Groundball, 4, EV 105.0 MPH)
|
| Top of the 6th over - 0 runs, 1 hit, 0 errors, 2 left on base; Victoria 2 - Amarillo 0 |
| BOTTOM OF THE 6TH |
|
Amarillo ThunderHeads batting - Pitching for Victoria Capitals : RHP Ruben Mendoza
|
|
Batting: RHB Shi-fu Cuan
|
0-0: Ball 1-0: Called Strike 1-1: Foul Ball, location: 2F 1-2: Strikes out looking
|
|
Batting: LHB Thie Hofmann
|
0-0: Ball 1-0: Ball 2-0: Called Strike 2-1: Called Strike 2-2: Ball 3-2: SINGLE (Groundball, 34D, EV 93.8 MPH)
|
|
Batting: LHB Mike Gruszewski
|
0-0: Foul Ball, location: 2F 0-1: DOUBLE (Line Drive, 78M, EV 90.6 MPH) Thie Hofmann to third
|
|
Pinch Hitting: SHB Jose Ramirez
|
0-0: Foul Ball, location: 2F 0-1: Swinging Strike 0-2: Foul Ball, location: 2F 0-2: Ball 1-2: Ball 2-2: Strikes out swinging
|
|
Batting: LHB Bill Mahoney
|
0-0: Ball 1-0: Ball 2-0: Foul Ball, location: 2F 2-1: Swinging Strike 2-2: Ball 3-2: Strikes out looking
|
| Bottom of the 6th over - 0 runs, 2 hits, 0 errors, 2 left on base; Victoria 2 - Amarillo 0 |
| TOP OF THE 7TH |
|
Victoria Capitals batting - Pitching for Amarillo ThunderHeads : RHP John Gerdes
|
|
Now in LF: Jose Ramirez
|
|
|
Batting: RHB Ray Wathey
|
0-0: Fly out, F9 (Flyball, 9S, EV 91.9 MPH)
|
|
Pinch Hitting: RHB Roberto Medina
|
0-0: Foul Ball, location: 2F 0-1: Ball 1-1: Ball 2-1: Foul Ball, location: 2F 2-2: SINGLE (Flyball, 4D, EV 92.5 MPH)
|
|
Batting: RHB Mike Reynolds
|
0-0: Called Strike 0-1: Fly out, F9 (Flyball, 9LM, EV 90.0 MPH)
|
|
Batting: RHB Nick Ellis
|
0-0: Foul Ball, location: 2F 0-1: TRIPLE (Flyball, 89XD, EV 110.0 MPH) Roberto Medina scores
|
|
Pitching: RHP Trent Murdock
|
|
|
Batting: LHB Rick Harrison
|
0-0: Called Strike 0-1: Called Strike 0-2: Ball 1-2: Ball 2-2: Ground out 3-1 (Groundball, 34, EV 96.2 MPH)
|
| Top of the 7th over - 1 run, 2 hits, 0 errors, 1 left on base; Victoria 3 - Amarillo 0 |
| BOTTOM OF THE 7TH |
|
Amarillo ThunderHeads batting - Pitching for Victoria Capitals : RHP Ruben Mendoza
|
|
Pitching: RHP Joey Mallandaine
|
|
|
Now at 2B: Kevin Harris
|
|
|
Batting: RHB Eddie Vanderjagt
|
0-0: Called Strike 0-1: Ground out 5-3 (Groundball, 56, EV 83.8 MPH)
|
|
Batting: RHB Dennis Underwood
|
0-0: Ball 1-0: Foul Ball, location: 2F 1-1: SOLO HOME RUN (Flyball, 9LD, EV 90.0 MPH), Distance : 329 ft
|
|
Batting: LHB Carlos Guajardo
|
0-0: Swinging Strike 0-1: Foul Ball, location: 2F 0-2: Ball 1-2: Ball 2-2: Fly out, F7 (Flyball, 78S, EV 76.9 MPH)
|
|
Batting: LHB Tony Cisneros
|
0-0: Called Strike 0-1: Called Strike 0-2: Ball 1-2: Ground out U3 (Groundball, 34, EV 83.8 MPH)
|
| Bottom of the 7th over - 1 run, 1 hit, 0 errors, 0 left on base; Victoria 3 - Amarillo 1 |
| TOP OF THE 8TH |
|
Victoria Capitals batting - Pitching for Amarillo ThunderHeads : RHP Trent Murdock
|
|
Batting: RHB Hyeon-cheong Lee
|
0-0: Ball 1-0: Ground out 5-3 (Groundball, 56S, EV 90.0 MPH)
|
|
Batting: LHB Willard Balcome
|
0-0: Ball 1-0: Ground out 3-1 (Groundball, 13, EV 83.1 MPH)
|
|
Batting: RHB Josh Rentz
|
0-0: Called Strike 0-1: Foul Ball, location: 2F 0-2: Fly out, F9 (Flyball, 9D, EV 96.9 MPH)
|
| Top of the 8th over - 0 runs, 0 hits, 0 errors, 0 left on base; Victoria 3 - Amarillo 1 |
| BOTTOM OF THE 8TH |
|
Amarillo ThunderHeads batting - Pitching for Victoria Capitals : RHP Joey Mallandaine
|
|
Now at 1B: Kevin Harris
|
|
|
Now at 2B: Rich Roberts
|
|
|
Batting: RHB Shi-fu Cuan
|
0-0: Called Strike 0-1: Ball 1-1: Ball 2-1: Ball 3-1: Called Strike 3-2: Ground out 1-3 (Groundball, 34S, EV 71.2 MPH)
|
|
Batting: LHB Thie Hofmann
|
0-0: Fly out, F8 (Flyball, 8LXD, EV 96.9 MPH)
|
|
Batting: LHB Mike Gruszewski
|
0-0: Ball 1-0: Called Strike 1-1: Swinging Strike 1-2: Ground out 5-3 (Groundball, 56, EV 103.1 MPH)
|
| Bottom of the 8th over - 0 runs, 0 hits, 0 errors, 0 left on base; Victoria 3 - Amarillo 1 |
| TOP OF THE 9TH |
|
Victoria Capitals batting - Pitching for Amarillo ThunderHeads : RHP Trent Murdock
|
|
Pitching: RHP Adam Montag
|
|
|
Batting: LHB Mike Jones
|
0-0: Called Strike 0-1: Ball 1-1: Foul Ball, location: 2F 1-2: Ball 2-2: Strikes out looking
|
|
Batting: RHB Ray Wathey
|
0-0: Fly out, F3 (Popup, 3, EV 58.1 MPH)
|
|
Batting: RHB Kevin Harris
|
0-0: Called Strike 0-1: Ball 1-1: Ball 2-1: Ground out 6-3 (Groundball, 6, EV 83.8 MPH)
|
| Top of the 9th over - 0 runs, 0 hits, 0 errors, 0 left on base; Victoria 3 - Amarillo 1 |
| BOTTOM OF THE 9TH |
|
Amarillo ThunderHeads batting - Pitching for Victoria Capitals : RHP Joey Mallandaine
|
|
Pitching: RHP Charlie Bowden
|
|
|
Batting: SHB Jose Ramirez
|
0-0: Ball 1-0: Ground out 4-3 (Groundball, 4, EV 85.6 MPH)
|
|
Pinch Hitting: RHB Eric Camillo
|
0-0: Ball 1-0: Ball 2-0: Foul Ball, location: 2F 2-1: Fly out, F7 (Line Drive, 78M, EV 103.1 MPH)
|
|
Pinch Hitting: RHB Ray Travis
|
0-0: Ball 1-0: Swinging Strike 1-1: Foul Ball, location: 2F 1-2: Foul Ball, location: 2F 1-2: Foul Ball, location: 2F 1-2: Ball 2-2: Strikes out looking
|
| Bottom of the 9th over - 0 runs, 0 hits, 0 errors, 0 left on base; Victoria 3 - Amarillo 1 |
|